TOP OF THE 1ST |
New York Yankees batting - Pitching for Toronto Blue Jays : LHP Thomas Linnert
|
Pitching: LHP Thomas Linnert
|
|
Batting: SHB Jerry Manuel
|
0-0: Foul Ball, location: 2F 0-1: Ball 1-1: Foul Ball, location: 2F 1-2: Ground out 4-3 (Groundball, 4, EV 84.4 MPH)
|
Batting: RHB Pedro Guerrero
|
0-0: Called Strike 0-1: Foul Ball, location: 2F 0-2: Strikes out swinging
|
Batting: LHB Kent Hrbek
|
0-0: Ball 1-0: Called Strike 1-1: Foul Ball, location: 2F 1-2: Strikes out swinging
|
Top of the 1st over - 0 runs, 0 hits, 0 errors, 0 left on base; New York 0 - Toronto 0 |
BOTTOM OF THE 1ST |
Toronto Blue Jays batting - Pitching for New York Yankees : RHP Mike Parrott
|
Pitching: RHP Mike Parrott
|
|
Batting: SHB Harold Reynolds
|
0-0: Ground out 6-3 (Groundball, 6, EV 83.8 MPH)
|
Batting: RHB Jose Gonzalez
|
0-0: Called Strike 0-1: Ball 1-1: Ball 2-1: Swinging Strike 2-2: Ground out 2-3 (Groundball, 2L, EV 66.9 MPH)
|
Batting: LHB Sheldon Mallory
|
0-0: Called Strike 0-1: Foul Ball, location: 2F 0-2: Ball 1-2: Strikes out looking
|
Bottom of the 1st over - 0 runs, 0 hits, 0 errors, 0 left on base; New York 0 - Toronto 0 |
TOP OF THE 2ND |
New York Yankees batting - Pitching for Toronto Blue Jays : LHP Thomas Linnert
|
Batting: LHB Wade Boggs
|
0-0: Fly out, F6 (Popup, 6MD, EV 51.9 MPH)
|
Batting: LHB George Kaage
|
0-0: Called Strike 0-1: Foul Ball, location: 2F 0-2: Ball 1-2: Foul Ball, location: 2F 1-2: Ball 2-2: Fly out, F7 (Flyball, 7, EV 95.0 MPH)
|
Batting: RHB Emanuel Cortez
|
0-0: Ball 1-0: Foul Ball, location: 2F 1-1: Called Strike 1-2: Ball 2-2: Strikes out looking
|
Top of the 2nd over - 0 runs, 0 hits, 0 errors, 0 left on base; New York 0 - Toronto 0 |
BOTTOM OF THE 2ND |
Toronto Blue Jays batting - Pitching for New York Yankees : RHP Mike Parrott
|
Batting: RHB Juan Monasterio
|
0-0: Foul Ball, location: 2F 0-1: Ball 1-1: Foul Ball, location: 2F 1-2: Ball 2-2: Foul Ball, location: 2F 2-2: Reached on error, E5 (Groundball, 5, EV 81.9 MPH)
|
Batting: LHB Chad Daley
|
0-0: Ball 1-0: Ball 2-0: Called Strike 2-1: SINGLE (Line Drive, 6MD, EV 107.5 MPH) Juan Monasterio to second Runner from 2nd tries for 3rd, SAFE, throw by CF made to third
|
Batting: RHB Cal Ripken
|
0-0: Ball 1-0: Called Strike 1-1: Ball 2-1: Ball 3-1: Called Strike 3-2: Foul Ball, location: 2F 3-2: Fly out, F7 (Flyball, 7LS, EV 81.3 MPH) Runner from 3rd tags up, SCORES, throw by LF
|
Batting: LHB Milt Thompson
|
0-0: Called Strike 0-1: Called Strike 0-2: Foul Ball, location: 2F 0-2: Foul Ball, location: 2F 0-2: Ball 1-2: Foul Ball, location: 2F 1-2: Fly out, F8 (Flyball, 8LD, EV 91.3 MPH)
|
Batting: LHB Steve Stroughter
|
0-0: SINGLE (Groundball, 34S, EV 68.8 MPH) (infield hit) Chad Daley to second
|
Batting: LHB Brad Gulden
|
0-0: Ball 1-0: Foul Ball, location: 2F 1-1: Called Strike 1-2: SINGLE (Groundball, P, EV 87.5 MPH) (infield hit) Chad Daley to third Steve Stroughter to second
|
Batting: SHB Harold Reynolds
|
0-0: Fly out, F5 (Popup, 5, EV 76.9 MPH)
|
Bottom of the 2nd over - 1 run, 3 hits, 1 error, 3 left on base; New York 0 - Toronto 1 |
TOP OF THE 3RD |
New York Yankees batting - Pitching for Toronto Blue Jays : LHP Thomas Linnert
|
Batting: SHB Tim Raines
|
0-0: Fly out, F9 (Line Drive, 9, EV 88.1 MPH)
|
Batting: RHB David Hall
|
0-0: Ball 1-0: Swinging Strike 1-1: Foul Ball, location: 2F 1-2: Ball 2-2: SINGLE (Line Drive, 89M, EV 97.5 MPH)
|
Batting: LHB Ron Hassey
|
0-0: Fly out, F6 (Popup, 6, EV 53.8 MPH)
|
Batting: SHB Jerry Manuel
|
0-0: Ball 1-0: Ball 2-0: Called Strike 2-1: Ground out 5-3 (Groundball, 56S, EV 91.9 MPH)
|
Top of the 3rd over - 0 runs, 1 hit, 0 errors, 1 left on base; New York 0 - Toronto 1 |
BOTTOM OF THE 3RD |
Toronto Blue Jays batting - Pitching for New York Yankees : RHP Mike Parrott
|
Batting: RHB Jose Gonzalez
|
0-0: DOUBLE (Flyball, 78D, EV 95.0 MPH)
|
Batting: LHB Sheldon Mallory
|
0-0: Ball 1-0: Fly out, F6 (Popup, 6, EV 77.5 MPH)
|
Batting: RHB Juan Monasterio
|
0-0: Fly out, F9 (Line Drive, 9, EV 95.0 MPH)
|
Batting: LHB Chad Daley
|
0-0: Called Strike 0-1: Swinging Strike 0-2: Ball 1-2: Ball 2-2: Ball 3-2: Ground out U3 (Groundball, 3L, EV 81.3 MPH)
|
Bottom of the 3rd over - 0 runs, 1 hit, 0 errors, 1 left on base; New York 0 - Toronto 1 |
TOP OF THE 4TH |
New York Yankees batting - Pitching for Toronto Blue Jays : LHP Thomas Linnert
|
Batting: RHB Pedro Guerrero
|
0-0: Called Strike 0-1: Ground out 6-3 (Groundball, 6MS, EV 85.0 MPH)
|
Batting: LHB Kent Hrbek
|
0-0: Ball 1-0: Called Strike 1-1: Fly out, F8 (Flyball, 78D, EV 104.4 MPH)
|
Batting: LHB Wade Boggs
|
0-0: DOUBLE (Line Drive, 9LM, EV 101.3 MPH)
|
Batting: LHB George Kaage
|
0-0: Ball 1-0: Called Strike 1-1: Fly out, F8 (Flyball, 8RS, EV 90.0 MPH)
|
Top of the 4th over - 0 runs, 1 hit, 0 errors, 1 left on base; New York 0 - Toronto 1 |
BOTTOM OF THE 4TH |
Toronto Blue Jays batting - Pitching for New York Yankees : RHP Mike Parrott
|
Batting: RHB Cal Ripken
|
0-0: Called Strike 0-1: Hit by Pitch
|
Batting: LHB Milt Thompson
|
0-0: Called Strike 0-1: Swinging Strike 0-2: Grounds into double play, 4-6-3 (Groundball, 4M, EV 81.3 MPH)
|
Batting: LHB Steve Stroughter
|
0-0: Swinging Strike 0-1: Called Strike 0-2: Foul Ball, location: 2F 0-2: Foul Ball, location: 2F 0-2: Ground out 5-3 (Groundball, 56, EV 78.8 MPH)
|
Bottom of the 4th over - 0 runs, 0 hits, 0 errors, 0 left on base; New York 0 - Toronto 1 |
TOP OF THE 5TH |
New York Yankees batting - Pitching for Toronto Blue Jays : LHP Thomas Linnert
|
Batting: RHB Emanuel Cortez
|
0-0: Fly out, F9 (Flyball, 9D, EV 98.8 MPH)
|
Batting: SHB Tim Raines
|
0-0: Ball 1-0: Ball 2-0: Called Strike 2-1: Ball 3-1: Called Strike 3-2: Fly out, F9 (Line Drive, 9, EV 84.4 MPH)
|
Batting: RHB David Hall
|
0-0: Ball 1-0: Called Strike 1-1: Ball 2-1: Foul Ball, location: 2F 2-2: Strikes out swinging
|
Top of the 5th over - 0 runs, 0 hits, 0 errors, 0 left on base; New York 0 - Toronto 1 |
BOTTOM OF THE 5TH |
Toronto Blue Jays batting - Pitching for New York Yankees : RHP Mike Parrott
|
Batting: LHB Brad Gulden
|
0-0: Ball 1-0: Called Strike 1-1: Foul Ball, location: 2F 1-2: Strikes out swinging
|
Batting: SHB Harold Reynolds
|
0-0: Ball 1-0: SINGLE (Groundball, 6MD, EV 97.5 MPH)
|
Batting: RHB Jose Gonzalez
|
0-0: Called Strike Harold Reynolds steals 2nd base 0-1: Called Strike 0-2: Ball 1-2: Ground out 5-3 (Groundball, 5, EV 85.0 MPH)
|
Batting: LHB Sheldon Mallory
|
0-0: Called Strike 0-1: Called Strike 0-2: Ball 1-2: Ground out 5-3 (Groundball, 5, EV 104.4 MPH)
|
Bottom of the 5th over - 0 runs, 1 hit, 0 errors, 1 left on base; New York 0 - Toronto 1 |
TOP OF THE 6TH |
New York Yankees batting - Pitching for Toronto Blue Jays : LHP Thomas Linnert
|
Batting: LHB Ron Hassey
|
0-0: Ball 1-0: Ball 2-0: Ball 3-0: Base on Balls
|
Batting: SHB Jerry Manuel
|
0-0: Ball 1-0: Ball 2-0: Foul Ball, location: 2F 2-1: Swinging Strike 2-2: Strikes out swinging
|
Batting: RHB Pedro Guerrero
|
0-0: Ball 1-0: Ball 2-0: Called Strike 2-1: Ball 3-1: DOUBLE (Flyball, 89D, EV 93.1 MPH) Ron Hassey to third Runner from 3rd tries for Home, SAFE, throw by CF to trailing runner, SAFE at third!
|
Batting: LHB Kent Hrbek
|
0-0: Called Strike 0-1: Ball 1-1: Called Strike 1-2: Fly out, F7 (Flyball, 7LM, EV 90.6 MPH) Runner from 3rd tags up, SCORES, throw by LF
|
Batting: LHB Wade Boggs
|
0-0: Fly out, F9 (Line Drive, 9D, EV 97.5 MPH)
|
Top of the 6th over - 2 runs, 1 hit, 0 errors, 0 left on base; New York 2 - Toronto 1 |
BOTTOM OF THE 6TH |
Toronto Blue Jays batting - Pitching for New York Yankees : RHP Mike Parrott
|
Batting: RHB Juan Monasterio
|
0-0: Ball 1-0: SINGLE (Groundball, 6MD, EV 94.4 MPH)
|
Batting: LHB Chad Daley
|
0-0: Foul Ball, location: 2F 0-1: Ball 1-1: Foul Ball, location: 2F 1-2: Foul Ball, location: 2F 1-2: Foul Ball, location: 2F 1-2: Fly out, F7 (Line Drive, 7, EV 90.6 MPH)
|
Batting: RHB Cal Ripken
|
0-0: Fly out, F4 (Popup, 4S, EV 81.3 MPH)
|
Batting: LHB Milt Thompson
|
0-0: Ball 1-0: Swinging Strike 1-1: Ball 2-1: Called Strike 2-2: Strikes out swinging
|
Bottom of the 6th over - 0 runs, 1 hit, 0 errors, 1 left on base; New York 2 - Toronto 1 |
TOP OF THE 7TH |
New York Yankees batting - Pitching for Toronto Blue Jays : LHP Thomas Linnert
|
Batting: LHB George Kaage
|
0-0: Ball 1-0: Ball 2-0: Called Strike 2-1: Ball 3-1: Called Strike 3-2: Foul Ball, location: 2F 3-2: Strikes out swinging
|
Batting: RHB Emanuel Cortez
|
0-0: Foul Ball, location: 2F 0-1: SINGLE (Line Drive, 89S, EV 104.4 MPH)
|
Batting: SHB Tim Raines
|
0-0: Ball 1-0: Ball 2-0: Swinging Strike 2-1: Ball 3-1: Called Strike 3-2: Foul Ball, location: 2F 3-2: Strikes out looking Emanuel Cortez is caught stealing 2nd base 2-4 Batter strikes out.
|
Top of the 7th over - 0 runs, 1 hit, 0 errors, 0 left on base; New York 2 - Toronto 1 |
BOTTOM OF THE 7TH |
Toronto Blue Jays batting - Pitching for New York Yankees : RHP Mike Parrott
|
Batting: LHB Steve Stroughter
|
0-0: Called Strike 0-1: Ball 1-1: Ground out 4-3 (Groundball, 4M, EV 99.4 MPH)
|
Batting: LHB Brad Gulden
|
0-0: Called Strike 0-1: Ball 1-1: Foul Ball, location: 2F 1-2: Strikes out swinging
|
Batting: SHB Harold Reynolds
|
0-0: Called Strike 0-1: Foul Ball, location: 2F 0-2: Ball 1-2: Ball 2-2: Foul Ball, location: 2F 2-2: Ball 3-2: Base on Balls
|
Batting: RHB Jose Gonzalez
|
0-0: Ball Harold Reynolds steals 2nd, throwing error, E2 Harold Reynolds to third 1-0: Ground out 6-3 (Groundball, 6, EV 102.5 MPH)
|
Bottom of the 7th over - 0 runs, 0 hits, 1 error, 1 left on base; New York 2 - Toronto 1 |
TOP OF THE 8TH |
New York Yankees batting - Pitching for Toronto Blue Jays : LHP Thomas Linnert
|
Batting: RHB David Hall
|
0-0: Called Strike 0-1: Foul Ball, location: 2F 0-2: Strikes out swinging
|
Batting: LHB Ron Hassey
|
0-0: Ball 1-0: Fly out, F5 (Popup, 5SF, EV 78.8 MPH)
|
Batting: SHB Jerry Manuel
|
0-0: Called Strike 0-1: Swinging Strike 0-2: Ball 1-2: Ball 2-2: Strikes out swinging
|
Top of the 8th over - 0 runs, 0 hits, 0 errors, 0 left on base; New York 2 - Toronto 1 |
BOTTOM OF THE 8TH |
Toronto Blue Jays batting - Pitching for New York Yankees : RHP Mike Parrott
|
Now in CF: Larry Hyman
|
|
Batting: LHB Sheldon Mallory
|
0-0: Ball 1-0: Ground out U3 (Groundball, 3, EV 102.5 MPH)
|
Batting: RHB Juan Monasterio
|
0-0: Called Strike 0-1: Ball 1-1: Fly out, F7 (Flyball, 78M, EV 95.6 MPH)
|
Batting: LHB Chad Daley
|
0-0: Foul Ball, location: 2F 0-1: Fly out, F8 (Line Drive, 8LD, EV 92.5 MPH)
|
Bottom of the 8th over - 0 runs, 0 hits, 0 errors, 0 left on base; New York 2 - Toronto 1 |
TOP OF THE 9TH |
New York Yankees batting - Pitching for Toronto Blue Jays : LHP Thomas Linnert
|
Batting: RHB Pedro Guerrero
|
0-0: Called Strike 0-1: Foul Ball, location: 2F 0-2: Strikes out swinging
|
Batting: LHB Kent Hrbek
|
0-0: Ball 1-0: Foul Ball, location: 2F 1-1: Ball 2-1: Ball 3-1: Foul Ball, location: 2F 3-2: Fly out, F9 (Flyball, 9LM, EV 83.1 MPH)
|
Batting: LHB Wade Boggs
|
0-0: Ball 1-0: Called Strike 1-1: Ball 2-1: Fly out, F8 (Flyball, 78XD, EV 79.4 MPH)
|
Top of the 9th over - 0 runs, 0 hits, 0 errors, 0 left on base; New York 2 - Toronto 1 |
BOTTOM OF THE 9TH |
Toronto Blue Jays batting - Pitching for New York Yankees : RHP Mike Parrott
|
Batting: RHB Cal Ripken
|
0-0: Ball 1-0: Called Strike 1-1: Foul Ball, location: 2F 1-2: Ball 2-2: Ball 3-2: Strikes out swinging
|
Batting: LHB Milt Thompson
|
0-0: Ball 1-0: Foul Ball, location: 2F 1-1: Ball 2-1: Foul Ball, location: 2F 2-2: Strikes out looking
|
Batting: LHB Steve Stroughter
|
0-0: Foul Ball, location: 2F 0-1: Ground out 4-3 (Groundball, 34D, EV 85.0 MPH)
|
Bottom of the 9th over - 0 runs, 0 hits, 0 errors, 0 left on base; New York 2 - Toronto 1 |
|